 Dungeon Crawl Stone Soup version 0.27-a0-906-g0a00ce863d (webtiles) character file.

Game seed: 10770076315208199067

13924 mhtbhm the Basher (level 12, -15/75 HPs)
             Began as a Gargoyle Berserker on Apr 6, 2021.
             Was a High Priest of Trog.
             Demolished by an orc knight
             ... wielding a +0 war axe
              (23 damage)
             ... on level 2 of the Orcish Mines.
             The game lasted 00:18:59 (14766 turns).

mhtbhm the Basher (Gargoyle Berserker)             Turns: 14766, Time: 00:19:00

Health: -15/75     AC: 19    Str: 26      XL:     12   Next: 11%
Magic:  12/12      EV: 10    Int:  7 (8)  God:    Trog [*****.]
Gold:   1371       SH: 10    Dex:  9      Spells: 11/11 levels left

rFire    + . .     SeeInvis +   a - +4 morningstar (vorpal)
rCold    . . .     Faith    +   s - +0 kite shield
rNeg     + . .     Spirit   .   b - +4 scale mail {rF+}
rPois    ∞         Reflect  .   (no helmet)
rElec    +         Harm     .   A - +0 cloak
rCorr    .         Rampage  .   (no gloves)
Will     .....                  (no boots)
Stlth    ..........             j - amulet of faith
HPRegen  0.22/turn              r - +4 ring of slaying
MPRegen  0.13/turn              n - ring of see invisible

@: on berserk cooldown, attractive, slowed, studying Dodging, very slow
A: AC +8, negative energy resistance 1, electricity resistance, torment
resistance 1, unbreathing 1, petrification resistance, deformed body
a: Renounce Religion, Berserk, Trog's Hand, Brothers in Arms


You were on level 2 of the Orcish Mines.
You worshipped Trog.
Trog was extremely pleased with you.
You visited 2 branches of the dungeon, and saw 12 of its levels.
You also visited: Bailey.

You collected 1602 gold pieces.
You spent 231 gold pieces at shops.

Inventory:

Hand Weapons
 a - a +4 vorpal morningstar (weapon)
 y - the +4 mace "Rogyo" {elec, rElec rC+}
   (You found it on level 7 of the Dungeon)

   Occasionally, upon striking a foe, it can discharge electrical energy and
   cause terrible harm.
   It protects you from cold.
   It insulates you from electricity.
Armour
 b - a +4 scale mail of fire resistance (worn)
 s - a +0 kite shield (worn)
 A - a +0 cloak (worn)
Jewellery
 j - an amulet of faith (around neck)
 n - a ring of see invisible (right hand)
 r - a +4 ring of slaying (left hand)
 D - a ring of fire
Wands
 l - a wand of paralysis (30) (quivered)
 o - a wand of flame (31)
Scrolls
 d - 2 scrolls of teleportation
 k - a scroll of immolation
Potions
 g - a potion of haste
 i - 2 potions of lignification
 m - a potion of degeneration {unknown}
 p - 3 potions of flight
 q - a potion of attraction
 t - a potion of magic {unknown}
 u - a potion of invisibility {unknown}
 x - 2 potions of resistance {unknown}
 z - 2 potions of mutation {unknown}
 C - 2 potions of heal wounds {unknown}
Miscellaneous
 e - a condenser vane (inert)
 w - a tin of tremorstones (inert)
 B - a phial of floods (inert)


   Skills:
 + Level 8.8 Fighting
 + Level 13.0 Maces & Flails
 + Level 9.5 Armour
 * Level 8.3 Dodging
 - Level 1.4 Stealth
 + Level 4.9 Shields
 + Level 1.0 Evocations


You had 11 spell levels left.
You didn't know any spells.
Your spell library was empty.

Dungeon Overview and Level Annotations

Branches:
Dungeon (10/15)            Temple (0/1) D:5             Orc (2/2) D:10
    Elf (0/3) Orc:2        Bailey (visited)
   Lair: D:8-11

Altars:
Dithmenos
Elyvilon
Hepliaklqana
Kikubaaqudgha
Ru
Vehumet
Xom
Yredelemnul
Zin
The Shining One

Shops:
D:7 *[:(   Orc:2 [[


Innate Abilities, Weirdness & Mutations

Your stone body is resilient. (AC +8)
You are immune to poison.
You resist negative energy. (rN+)
You are resistant to electric shocks. (rElec)
You are resistant to unholy torment.
You can survive without breathing.
You are immune to petrification.
Armour fits poorly on your strangely shaped body.


Message History

Unknown command.
A red film seems to cover your vision as you go berserk!
You feel yourself moving faster!
You feel mighty!
The orc knight hits you with a +0 war axe!
The orc knight hits you from afar with a +3 halberd!!
You are too injured to fight recklessly!
You are too injured to fight recklessly!
You are too injured to fight recklessly!
You are too injured to fight recklessly!
You are too injured to fight recklessly!
You are too injured to fight recklessly!
You are too injured to fight recklessly!
You are too injured to fight recklessly!
You are too injured to fight recklessly!
You are too injured to fight recklessly!
You are too injured to fight recklessly!
You bludgeon the orc knight!!
The orc knight is moderately wounded.
You puncture the orc knight!
The orc knight is heavily wounded.
The orc knight hits you from afar with a +3 halberd!!
* * * LOW HITPOINT WARNING * * *
The orc warrior hits you with a +0 war axe!
* * * LOW HITPOINT WARNING * * *
The orc knight roars a battlecry!
The orc knight goes into a battle-frenzy!
You block the orc knight's attack.
Unknown command.
You feel a strong urge to attack something.
The orc high priest mumbles some strange prayers to Beogh.
You feel your anger nearly subside.
You are no longer berserk.
You are exhausted.
You feel yourself slow down.
Unknown command.
Okay, then.
Okay, then.
It was a potion of attraction.
You feel attractive to monsters.
The orc knight hits you with a +0 war axe!!
You die...

## ##.## . ∩##
### #.# .∩##
....# ..##
.....4##.4#
.......o..#
.....4.#.o#
......##.o##
.....##..)@#
#.#......#)#
#.#.....##)#
#.#...###).#
#.######.)##
...####.####...##
#...........###
######.######
#######.#######


You could see 2 orc knights, an ice devil (summoned), a chaos spawn (summoned)
and an orc warrior (strong).

Vanquished Creatures
  A two-headed ogre (Orc:2)
  An orc high priest (Orc:2)
  Pikel (D:5)
  3 orc knights
  4 orc sorcerers (Orc:2)
  A gargoyle (D:10)
  An unseen horror (D:10)
  3 trolls
  2 wyverns
  9 yaks (D:10)
  A warg (Orc:1)
  3 water moccasins
  2 sky beasts
  20 orc warriors
  2 black bears
  6 ogres
  8 centaurs
  2 lemures (D:4)
  A phantom (D:6)
  A kobold brigand (D:8)
  Blork the orc (D:6)
  2 bullfrogs (D:7)
  A wyvern zombie (D:5)
  A gnoll sergeant (D:9)
  3 scorpions
  2 wyvern skeletons (D:7)
  5 wights (D:8)
  A howler monkey (D:9)
  2 bullfrog zombies
  A centaur zombie (D:10)
  3 hounds
  11 orc priests
  Crazy Yiuf (D:7)
  A bullfrog skeleton (D:7)
  2 centaur skeletons
  2 iguanas (D:6)
  A scorpion zombie (D:4)
  19 orc wizards
  A killer bee zombie (D:6)
  4 hound zombies
  A hound skeleton (D:4)
  13 gnolls
  A howler monkey skeleton (D:4)
  5 adders
  2 white imps (D:7)
  2 worms (D:2)
  2 dart slugs
  33 orcs
  6 ball pythons
  8 endoplasms
  3 giant cockroaches
  13 goblins
  9 hobgoblins
  7 jackals
  3 quokkas
  5 bats
  4 frilled lizards
  29 kobolds
  5 rats
287 creatures vanquished.

Vanquished Creatures (collateral kills)
  An orc high priest (Orc:2)
  An orc warrior (Orc:2)
  2 orc priests (Orc:2)
4 creatures vanquished.

Vanquished Creatures (others)
  A human (D:4)
1 creature vanquished.

Grand Total: 292 creatures vanquished

Notes
Turn   | Place    | Note
-------+----------+-------------------------------------------
     0 | D:1      | mhtbhm the Gargoyle Berserker began the quest for the Orb.
     0 | D:1      | Reached XP level 1. HP: 14/14 MP: 1/1
   191 | D:1      | Reached XP level 2. HP: 17/19 MP: 2/2
   300 | D:1      | You fall into a shaft and drop 1 floor!
   649 | D:2      | Reached XP level 3. HP: 24/24 MP: 3/3
  1156 | D:1      | Found a faded altar of an unknown god.
  1268 | D:1      | Reached ** piety under Trog
  1665 | D:2      | Reached XP level 4. HP: 29/29 MP: 4/4
  1671 | D:2      | Noticed an ogre
  1918 | D:2      | Killed an ogre
  1919 | D:2      | Reached skill level 4 in Maces & Flails
  1919 | D:2      | Reached skill level 1 in Stealth
  1919 | D:2      | Reached XP level 5. HP: 33/33 MP: 5/5
  2644 | D:3      | Reached skill level 5 in Maces & Flails
  2948 | D:3      | Noticed a sky beast
  2956 | D:3      | Killed a sky beast
  2957 | D:3      | Reached XP level 6. HP: 39/39 MP: 6/6
  3689 | D:4      | Found a basalt altar of Yredelemnul.
  3709 | D:4      | Reached XP level 7. HP: 44/44 MP: 7/7
  3727 | D:4      | Reached *** piety under Trog
  3758 | D:4      | Reached skill level 6 in Maces & Flails
  3921 | D:4      | Found an ancient bone altar of Kikubaaqudgha.
  3924 | D:4      | Noticed a human
  3925 | D:4      | Killed a human
  4325 | D:4      | Found a white marble altar of Elyvilon.
  4584 | D:5      | Entered Level 5 of the Dungeon
  4585 | D:5      | Noticed Pikel
  4700 | D:5      | Killed Pikel
  4701 | D:5      | Reached skill level 5 in Fighting
  4701 | D:5      | Reached skill level 7 in Maces & Flails
  4701 | D:5      | Reached XP level 8. HP: 49/49 MP: 8/8
  4703 | D:5      | Reached skill level 5 in Armour
  4896 | D:5      | Reached skill level 8 in Maces & Flails
  5081 | D:5      | Noticed a wyvern
  5096 | D:5      | Killed a wyvern
  5310 | D:5      | Found a staircase to the Ecumenical Temple.
  5543 | D:5      | Found a glowing golden altar of the Shining One.
  5645 | D:5      | Reached XP level 9. HP: 55/55 MP: 9/9
  5832 | D:5      | Reached skill level 9 in Maces & Flails
  6257 | D:6      | Reached **** piety under Trog
  6412 | D:6      | Noticed Blork the orc
  6427 | D:6      | Killed Blork the orc
  6712 | D:6      | Found a hazy altar of Hepliaklqana.
  6934 | D:7      | Reached skill level 10 in Maces & Flails
  7197 | D:7      | Found Qyefy's Antique Weapon Shoppe.
  7250 | D:7      | Bought a runed morningstar for 231 gold pieces
  7396 | D:7      | Found Rurriano's Book Emporium.
  7406 | D:7      | Found Piavuf's Armour Shop.
  7550 | D:7      | Found Vishraw's Assorted Antiques.
  7924 | D:7      | Identified the +4 mace "Rogyo" {elec, rElec rC+}
  7934 | D:7      | Found a runed translucent door.
  7935 | D:7      | Noticed Crazy Yiuf
  7940 | D:7      | Killed Crazy Yiuf
  8123 | D:8      | Reached XP level 10. HP: 56/61 MP: 10/10
  8124 | D:8      | Found a flagged portal.
  8156 | Bailey   | Entered a bailey
  8175 | Bailey   | Noticed an orc knight
  8296 | Bailey   | Killed an orc knight
  8297 | Bailey   | Reached skill level 1 in Shields
  8557 | Bailey   | Reached skill level 11 in Maces & Flails
  8561 | Bailey   | Reached ***** piety under Trog
  9140 | D:8      | Reached skill level 5 in Dodging
  9245 | D:8      | Found a radiant altar of Vehumet.
  9493 | D:9      | Found a shadowy altar of Dithmenos.
  9692 | D:9      | Found a shimmering altar of Xom.
 10027 | D:9      | Found a large runed translucent door.
 10029 | D:9      | Found a large runed translucent door.
 10096 | D:9      | Found a sacrificial altar of Ru.
 10136 | D:9      | Found a glowing silver altar of Zin.
 10174 | D:10     | Entered Level 10 of the Dungeon
 10205 | D:10     | Noticed a gargoyle
 10219 | D:10     | HP: 4/94 [gargoyle/+0 morningstar (10)]
 10220 | D:10     | HP: 1/94 [gargoyle/stone arrow (3)]
 10223 | D:10     | Killed a gargoyle
 10600 | D:10     | Found a staircase to the Orcish Mines.
 10652 | D:10     | Reached XP level 11. HP: 50/67 MP: 11/11
 11705 | D:10     | Reached skill level 12 in Maces & Flails
 12031 | Orc:1    | Entered Level 1 of the Orcish Mines
 12629 | Orc:2    | Entered Level 2 of the Orcish Mines
 12831 | Orc:2    | Noticed an orc sorcerer
 12844 | Orc:2    | Killed an orc sorcerer
 13302 | Orc:2    | Found a staircase to the Elven Halls.
 13447 | Orc:2    | Received a gift from Trog
 13491 | Orc:2    | Noticed a two-headed ogre
 13508 | Orc:2    | Killed a two-headed ogre
 14072 | Orc:2    | Noticed an orc sorcerer
 14073 | Orc:2    | Found Eczunis's Antique Armour Shop.
 14074 | Orc:2    | Noticed an orc sorcerer
 14077 | Orc:2    | Noticed an orc knight
 14087 | Orc:2    | Noticed an orc high priest
 14090 | Orc:2    | Killed an orc knight
 14095 | Orc:2    | Noticed a soul eater
 14100 | Orc:2    | Killed an orc sorcerer
 14103 | Orc:2    | Noticed a soul eater
 14103 | Orc:2    | Killed an orc sorcerer
 14103 | Orc:2    | Noticed an orc high priest
 14116 | Orc:2    | Noticed a soul eater
 14124 | Orc:2    | Killed an orc high priest
 14127 | Orc:2    | Noticed an orc high priest
 14142 | Orc:2    | Noticed an orc knight
 14188 | Orc:2    | Noticed an orc sorcerer
 14201 | Orc:2    | Killed an orc sorcerer
 14226 | Orc:2    | Killed an orc knight
 14227 | Orc:2    | Reached XP level 12. HP: 47/75 MP: 12/12
 14520 | Orc:2    | Gained mutation: Armour fits poorly on your strangely
                  | shaped body. [a neqoxec]
 14521 | Orc:2    | Killed an orc high priest
 14522 | Orc:2    | Reached skill level 1 in Evocations
 14685 | Orc:2    | Reached skill level 13 in Maces & Flails
 14752 | Orc:2    | Found Ohi Ofes's Armour Shoppe.
 14766 | Orc:2    | Demolished by an orc knight

Illustrated notes

Levels and vault maps discovered:
D:1:      amcnicky_arrival_gap_in_the_tavern_cellar, layout_loops_ring,
          shapermc_ecumenical_altar_totnotflames
D:2:      layout_rooms, minmay_misc_feat_diagonals
D:3:      layout_loops_ring
D:4:      layout_loops_corners, nicolae_yredelemnul_corpse_copse,
          elyvilon_altar_1, tgw_kikubaaqudgha
D:5:      layout_basic, lemuel_doored_altar, minmay_temple_entry_proselytizer,
          uniq_pikel
D:6:      layout_loops_cross, lemuel_tele_altar, uniq_blork_the_orc
D:7:      layout_basic, serial_shops, shop, shop, nicolae_shop_stone,
          kennysheep_little_box, minmay_manual_mares, uniq_crazy_yiuf_cottage
D:8:      layout_basic, vehumet_altar_wand_db, enter_bailey_5,
          lemuel_another_geyser
D:9:      layout_roguey, kennysheep_mini_moat, jmf_multi_god_temple2,
          general_overflow_altar
D:10:     layout_cave_pods, orc_0_dummy
Orc:1:    layout_caves
Orc:2:    st_orc_elflike, layout_caves, nicolae_orc_lava_tube

Skill      XL: |  1  2  3  4  5  6  7  8  9 10 11 12 |
---------------+-------------------------------------+-----
Dodging        | 2 3 6 8 |  8.3
Fighting       | 4 5 6 7 8 |  8.8
Maces & Flails | 4 5 7 8 10 11 12 13 | 13.0
Stealth        | 1 |  1.4
Armour         | 4 5 7 8 9 |  9.5
Shields        | 2 4 |  4.9
Evocations     | 1 |  1.0

Action                   |  1- 3 |  4- 6 |  7- 9 | 10-12 || total
-------------------------+-------+-------+-------+-------++-------
Melee: Mace              |   125 |   119 |   124 |   155 ||   523
       Whip              |       |       |    63 |       ||    63
       Flail             |       |       |   134 |       ||   134
       Morningstar       |       |       |    15 |   245 ||   260
Invok: Berserk           |     4 |     4 |     6 |    12 ||    26
       Trog's Hand       |       |       |       |     1 ||     1
       Brothers in Arms  |       |       |       |     1 ||     1
Evoke: Tin of tremorston |       |       |       |     2 ||     2
       Wand              |       |       |       |     5 ||     5
       Phial of floods   |       |       |       |     1 ||     1
       Condenser vane    |       |       |       |     1 ||     1
  Use: Scroll            |       |     2 |     8 |    11 ||    21
       Potion            |       |     1 |       |     8 ||     9
 Stab: Sleeping          |     2 |     1 |       |       ||     3
       Confused          |       |       |       |     4 ||     4
       Paralysed         |       |       |       |     1 ||     1
Armor: Animal skin       |    42 |    18 |       |       ||    60
       Chain mail        |       |    65 |    54 |       ||   119
       Plate armour      |       |       |   189 |    45 ||   234
       Scale mail        |       |       |       |   161 ||   161
Dodge: Dodged            |    91 |    68 |   105 |   123 ||   387
Block: Kite shield       |       |       |    18 |   163 ||   181

Table legend: (Time is in decaauts)
 A = Elapsed time spent in this place.
 B = Non-inter-level travel time spent in this place.
 C = Inter-level travel time spent in this place.
 D = Time resting spent in this place.
 E = Time spent auto-exploring this place.
 F = Levels seen in this place.
 G = Mean time per level.
                   A        B        C        D        E       F      G
               +--------+--------+--------+--------+--------+-----+--------+
         Total |  15030 |  14873 |    157 |   4487 |   7666 |  13 | 1156.2 |
       Dungeon |  11505 |  11348 |    157 |   3089 |   6484 |  10 | 1150.5 |
  Orcish Mines |   2789 |   2789 |      0 |   1177 |   1005 |   2 | 1394.5 |
        Bailey |    736 |    736 |      0 |    221 |    177 |   1 |  736.0 |
               +--------+--------+--------+--------+--------+-----+--------+

Top non-repeatable levels by time:
   Orc:2: 2189 daAuts
    D:10: 1880 daAuts
     D:5: 1520 daAuts
     D:4: 1451 daAuts
     D:1: 1303 daAuts
     D:7: 1159 daAuts
     D:3: 1097 daAuts
     D:2: 941 daAuts
     D:9: 824 daAuts
  Bailey: 736 daAuts
     D:6: 731 daAuts
   Orc:1: 600 daAuts
     D:8: 594 daAuts
